 Dungeon Crawl Stone Soup version 0.18-a0-641-g4caf58e (webtiles) character file.

3724 GeneralIdiocy the Grappler (level 9, -5/68 HPs)
             Began as a Demonspawn Gladiator on Dec 4, 2015.
             Was a Follower of Ru.
             Hit by a large rock thrown by a cyclops (23 damage)
             ... on level 11 of the Dungeon.
             The game lasted 00:28:47 (11882 turns).

GeneralIdiocy the Grappler (Demonspawn Gladiator)  Turns: 11882, Time: 00:28:47

Health: -5/68      AC:  8    Str: 16    XL:     9   Next: 92%
Magic:  0/15       EV: 13    Int: 12    God:    Ru [*.....]
Gold:   505        SH:  0    Dex: 14    Spells: 1 memorised, 10 levels left

rFire  . . .     SeeInvis .       - Unarmed
rCold  . . .     Clarity  .     C - +0 scale mail
rNeg   . . .     SustAt   .     (no shield)
rPois  .         Gourm    .     c - +0 helmet
rElec  .         Spirit   +     (no cloak)
rCorr  .         Dismiss  .     (no gloves)
rMut   .         Stasis   .     (no boots)
MR     .....                    (no amulet)
Stlth  ..........               (no ring)
                                d - +3 ring of evasion

@: no scrolls, not resistant to hostile enchantments, extremely unstealthy
A: claws 1, talons 2, magic shield, rot immunity, inability to read while
threatened
a: Renounce Religion


You were on level 11 of the Dungeon.
You worshipped Ru.
Ru was aware of your devotion.
You were very hungry.

You visited 2 branches of the dungeon, and saw 12 of its levels.
You also visited: Sewer and Ossuary.

You collected 505 gold pieces.

Inventory:

Armour
 c - a +0 helmet (worn)
 n - a +2 robe of cold resistance
 C - a +0 scale mail (worn)
Jewellery
 a - an uncursed ring of fire
 d - a +3 ring of evasion (left claw)
Wands
 f - a wand of polymorph (16)
 s - a wand of digging (11)
 x - a wand of flame (22)
 z - a wand of magic darts (23)
Scrolls
 m - 6 scrolls of remove curse
 o - a scroll of recharging
 p - a scroll of amnesia
 u - a scroll of blinking
 v - 2 scrolls of identify
 y - a scroll of fear
 A - a scroll of enchant armour
Potions
 b - 5 potions of brilliance
 h - 3 potions of resistance
 i - a potion of cancellation
 j - a potion of mutation
 k - a potion of flight
 l - a potion of curing
 r - 2 potions of agility
 w - a potion of heal wounds
Books
 t - a book of Clouds

   Spells                             Type                      Level
   a - Mephitic Cloud                 Conjuration/Poison/Air       3
   b - Conjure Flame                  Conjuration/Fire             3
   c - Poisonous Cloud                Conjuration/Poison/Air       6
   d - Freezing Cloud                 Conjuration/Ice/Air          6
   e - Ring of Flames                 Charms/Fire                  7
Comestibles
 e - 10 bread rations
 g - a meat ration
 q - 2 royal jellies


   Skills:
 - Level 5.1 Fighting
   Level 2.6 Long Blades
 - Level 1.7 Throwing
 - Level 5.1 Armour
 - Level 2.6 Dodging
 * Level 9.2 Unarmed Combat
 - Level 4.0 Spellcasting
 * Level 3.6 Ice Magic
 * Level 1.6 Air Magic


You had 10 spell levels left.
You knew the following spells:

 Your Spells              Type           Power        Failure   Level  Hunger
a - Freezing Cloud        Conj/Ice/Air   #.........   100%        6    #######


Dungeon Overview and Level Annotations

Branches:
Dungeon (11/15)            Temple (1/1) D:4
   Lair: D:8-11         Orc: D:9-12

Altars:
Ashenzari
Cheibriados
Dithmenos
Elyvilon
Fedhas
Gozag
Makhleb
Okawaru
Pakellas
Qazlal
Ru
Sif Muna
Trog
Vehumet
Xom
Yredelemnul
Zin
The Shining One

Annotations:
D:4 Phlounder's ghost, amateur MiCj
D:8 tedric's ghost, novice SpWn
D:9 Pikel


Innate Abilities, Weirdness & Mutations

You have sharp fingernails.
You have razor-sharp toenails.
When hurt, damage is shared between your health and your magic reserves.
You are immune to rotting.
You cannot read scrolls while threatened.


Message History

Okay, then.
Read which item? (? for menu, Esc to quit)
You cannot read scrolls in your current state!
A shadow imp comes into view.
The shadow imp shouts, "Run away, thou artless nose-picking wagtail!"
The shadow imp sputters.
Found a plain deck of cards.
A hill giant comes into view. It is wielding a giant club.
The hill giant shouts!
Found a curved glowing staff and a glowing scimitar.
Found a runed blowgun.
A gargoyle comes into view. It is wielding a morningstar.
The shadow imp disappears for a moment.
The jelly misses you. The jelly misses you.
You can read scrolls again.
The gargoyle begins to attack, but is stunned by your will!
The cyclops throws a large rock.
The large rock hits you!!
You feel threatened and lose the ability to read scrolls!
You die...

#..#..######....#.##.#
...#.. #.......#....#
## #.. #.###....# ###
#.###..#C######
#....<.#.......
#..##.##.#..# #.
#...#.#.# # ###..##..#
..#..#@J##.##
.....###..##.##
#...##W##C.##.#
#..##..y##..##.#
#.##..#5.##..##.#
.##..###..##9.##.#
##..##}##..##..##.
#..##).....|##..##
#..##..##)##..##.


You could see a hill giant, a cyclops, a queen bee, a gargoyle, a shadow, a
jelly and a shadow imp.

Vanquished Creatures
  A hippogriff (D:7)
  A wyvern (D:9)
  4 ice beasts
  A slave (D:11)
  An orc warrior (D:9)
  An ogre (D:6)
  4 phantoms
  An eye of draining (D:8)
  A sky beast (D:6)
  5 centaurs
  An elf zombie (Ossuary)
  Blork the orc (D:6)
  A wyvern skeleton (D:8)
  A giant frog (Sewer)
  A gnoll sergeant (D:3)
  A scorpion (D:9)
  4 killer bees
  A wasp zombie (D:6)
  2 hounds
  An orc priest (D:3)
  A crimson imp (D:5)
  A giant frog zombie (D:9)
  4 gnoll shamans (D:3)
  3 orc wizards
  A centaur zombie (Ossuary)
  Natasha (thrice) (D:2)
  3 worker ants
  2 big kobold zombies (Ossuary)
  A hound zombie (Ossuary)
  3 mummies (Ossuary)
  18 adders
  36 gnolls
  3 shadow imps
  13 oozes
  4 adder zombies (Ossuary)
  A worm (D:3)
  16 orcs
  18 bats
  22 giant cockroaches
  4 gnoll zombies (Ossuary)
  14 goblins
  9 hobgoblins
  25 jackals
  10 ball pythons
  16 giant geckos
  A giant gecko zombie (D:6)
  23 giant newts
  3 goblin zombies (Ossuary)
  3 hobgoblin zombies (Ossuary)
  2 jackal zombies (Ossuary)
  6 kobolds
  3 kobold zombies (Ossuary)
  2 orc zombies (Ossuary)
  7 quokkas
  3 quokka zombies (Ossuary)
  10 rats
  4 rat zombies (Ossuary)
332 creatures vanquished.

Notes
Turn   | Place    | Note
--------------------------------------------------------------
     0 | D:1      | GeneralIdiocy the Demonspawn Gladiator began the quest for the Orb.
     0 | D:1      | Reached XP level 1. HP: 16/16 MP: 1/1
   137 | D:1      | Gained mutation: When hurt, damage is shared between your health and your magic reserves. [demonic ancestry]
   137 | D:1      | Reached XP level 2. HP: 14/23 MP: 2/2
   148 | D:1      | Reached skill level 3 in Fighting
   704 | D:1      | Gained mutation: You have sharp fingernails. [demonic ancestry]
   704 | D:1      | Reached XP level 3. HP: 27/29 MP: 3/3
  1170 | D:2      | Reached skill level 1 in Unarmed Combat
  1180 | D:2      | Noticed Natasha
  1261 | D:2      | Killed Natasha
  1261 | D:2      | Reached XP level 4. HP: 13/37 MP: 1/4
  1437 | D:2      | Noticed Natasha
  1518 | D:2      | Killed Natasha
  1794 | D:2      | Noticed Natasha
  1814 | D:2      | Killed Natasha
  1891 | D:2      | Reached skill level 4 in Fighting
  2715 | D:3      | Reached XP level 5. HP: 38/42 MP: 3/5
  3263 | D:3      | Gained mutation: You have sharp toenails. [demonic ancestry]
  3263 | D:3      | Reached XP level 6. HP: 30/49 MP: 4/6
  4700 | D:3      | Reached skill level 5 in Fighting
  4719 | D:3      | Gained mutation: You have razor-sharp toenails. [demonic ancestry]
  4719 | D:3      | Reached XP level 7. HP: 46/56 MP: 7/7
  4747 | D:3      | Reached skill level 5 in Unarmed Combat
  5255 | D:3      | Reached skill level 1 in Armour
  5640 | D:4      | Found a staircase to the Ecumenical Temple.
  5659 | D:4      | Noticed Phlounder's ghost (amateur MiCj)
  5662 | Temple   | Entered the Ecumenical Temple
  5704 | Temple   | Became a worshipper of Ru the Awakened
  5755 | D:5      | Entered Level 5 of the Dungeon
  6028 | D:5      | Reached skill level 1 in Spellcasting
  6192 | D:5      | Found a burning altar of Makhleb.
  6247 | D:5      | Reached skill level 6 in Unarmed Combat
  6585 | D:5      | Found an oddly glowing altar of Pakellas.
  6613 | D:5      | Gained mutation: You are immune to rotting. [demonic ancestry]
  6613 | D:5      | Reached XP level 8. HP: 11/62 MP: 2/11
  6936 | D:5      | Found a blossoming altar of Fedhas.
  6938 | D:5      | Found a shattered altar of Ashenzari.
  6940 | D:5      | Found a snail-covered altar of Cheibriados.
  6941 | D:5      | Found a basalt altar of Yredelemnul.
  6941 | D:5      | Found an iron altar of Okawaru.
  7612 | D:6      | Noticed Blork the orc
  7620 | D:6      | Killed Blork the orc
  7673 | D:6      | Reached skill level 7 in Unarmed Combat
  7701 | D:6      | Found a glowing drain.
  7904 | Sewer    | Entered a sewer
  8340 | D:6      | Learned a level 6 spell: Freezing Cloud
  8629 | D:6      | Reached XP level 9. HP: 36/68 MP: 9/14
  9246 | D:7      | Found a sand-covered staircase.
  9251 | Ossuary  | Entered an ossuary
  9291 | Ossuary  | Reached skill level 8 in Unarmed Combat
  9630 | D:7      | Found a shadowy altar of Dithmenos.
  9635 | D:7      | Found a radiant altar of Vehumet.
  9664 | D:7      | Gained mutation: You cannot read scrolls while threatened. [Ru sacrifice]
  9664 | D:7      | Reached * piety under Ru
  9781 | D:7      | Reached skill level 1 in Ice Magic
  9879 | D:7      | Found a white marble altar of Elyvilon.
 10013 | D:8      | Found a glowing silver altar of Zin.
 10286 | D:8      | Noticed tedric's ghost (novice SpWn)
 10516 | D:9      | Reached skill level 5 in Armour
 10697 | D:8      | Reached skill level 9 in Unarmed Combat
 11023 | D:9      | Reached skill level 1 in Air Magic
 11390 | D:9      | Noticed Pikel
 11397 | D:10     | Entered Level 10 of the Dungeon
 11397 | D:10     | Noticed a hill giant
 11588 | D:11     | Noticed a cyclops
 11877 | D:11     | Noticed a hill giant
 11879 | D:11     | Noticed a gargoyle
 11882 | D:11     | Hit by a large rock thrown by a cyclops

Vault maps used:
D:1:      lemuel_arrival_lava_pool
D:2:      hangedman_abyss_or_decor_stabs, minmay_bad_closet, uniq_natasha
D:3:      lemuel_castle_with_subvaults, guppyfry_early_orc_mine
D:4:      kennysheep_mini_moat, nicolae_overflow_crystal_walls, temple_pool_b
D:5:      grunt_temple_overflow_open, lemuel_round_altar, kennysheep_little_box,
          first_bread
D:6:      gup_sewer_entry_glass, uniq_blork_the_orc
D:7:      overflow_temple_1_default, vehumet_crystals, enter_ossuary_2,
          serial_glass, glass_columns_c, glass_columns_a, glass_columns_a,
          glass_columns_b, glass_columns_c, item_on_display_a, feat_on_display,
          item_on_display_a, elyvilon_altar_3
D:8:      zin_academy
D:9:      uniq_pikel
D:10:     erik_lair_dragon, grunt_tengu_nest, uniq_urug
D:11:     minmay_diamond_spiral
Temple:   cyrus_temple_forest_13
Sewer:    sewer_frog_island_02
Ossuary:  minmay_ossuary_two_tombs

Action                   |  1- 3 |  4- 6 |  7- 9 || total
-------------------------+-------+-------+-------++-------
Melee: Long sword        |    66 |       |       ||    66
       Unarmed           |    88 |   354 |   880 ||  1322
Throw: Throwing net      |     3 |     8 |     4 ||    15
Invok: Reject Sacrifices |       |       |     1 ||     1
       Sacrifice Words   |       |       |     1 ||     1
  Use: Scroll            |     7 |     4 |    14 ||    25
       Potion            |     2 |       |     4 ||     6
 Stab: Held in net/web   |     1 |     1 |     3 ||     5
       Sleeping          |       |       |     2 ||     2
       Distracted        |       |       |     1 ||     1
  Eat: Chunk             |     1 |    12 |    15 ||    28
       Beef jerky        |       |       |     3 ||     3
       Pizza             |       |       |     2 ||     2
